 Dungeon Crawl Stone Soup version 0.32-a0-401-g0bcb2a7693 (webtiles) character file.

Game seed: 7806912263308615406

353 Asfel the Grave Robber (level 6, -19/41 HPs)
             Began as a Demonspawn Necromancer on Feb 20, 2024.
             Was an Initiate of Vehumet.
             Demolished by a two-headed ogre
             ... wielding a +0 giant club
              (23 damage)
             ... on level 5 of the Dungeon.
             The game lasted 00:12:50 (4337 turns).

Asfel the Grave Robber (Demonspawn Necromancer)     Turns: 4337, Time: 00:12:51

Health: -19/41     AC: 10    Str:  8    XL:     6   Next: 35%
Magic:  7/12       EV: 12    Int: 18    God:    Vehumet [......]
Gold:   225        SH:  5    Dex: 13    Spells: 12/13 levels left

rFire   . . .        (no weapon)
rCold   . . .        (no shield)
rNeg    . . .        a - +0 robe
rPois   .            (no helmet)
rElec   .            h - +0 cloak
rCorr   .            (no gloves)
SInv    .            (no boots)
Will    .....        s - amulet of reflection
Stlth   ++           t - +4 ring of protection
HPRegen 0.26/turn    (no ring)
MPRegen 0.13/turn

%: reflection
@: no status effects
A: yellow scales 2, ignite blood 2, demonic touch 1
a: Renounce Religion


You were on level 5 of the Dungeon.
You worshipped Vehumet.
Vehumet was noncommittal.
You visited 1 branch of the dungeon, and saw 5 of its levels.

You collected 225 gold pieces.

Inventory:

Armour
 a - a +0 robe (worn)
 h - a +0 cloak (worn)
Jewellery
 s - an amulet of reflection (around neck)
 t - a +4 ring of protection (left hand)
Talismans
 d - a flux talisman
Wands
 u - a wand of flame (15)
Scrolls
 f - 5 scrolls of teleportation {unknown}
 i - a scroll of blinking {unknown}
 j - 2 scrolls of revelation
 l - 2 scrolls of fear {unknown}
 m - 3 scrolls of noise {unknown}
 q - 2 scrolls of identify
 r - a scroll of amnesia {unknown}
 w - a scroll of torment {unknown}
Potions
 b - a potion of magic
 c - 2 potions of haste
 e - 2 potions of curing
 g - 3 potions of enlightenment {unknown}
 k - a potion of heal wounds {unknown}
 n - a potion of cancellation {unknown}
 o - a potion of might {unknown}
 p - a potion of attraction {unknown}
 v - a potion of resistance {unknown}


   Skills:
 + Level 2.3 Dodging
 + Level 2.0 Stealth
 + Level 0.7 Unarmed Combat
 + Level 4.0 Spellcasting
 + Level 6.7 Necromancy


You had 12 spell levels left.
You knew the following spells:

 Your Spells              Type           Power      Damage    Failure   Level
a - Necrotise             Necr           100%       1d9       1%          1

Your spell library contained the following spells:

 Spells                   Type           Power      Damage    Failure   Level
 Vampiric Draining        Necr           27%        2d7       2%          3
 Animate Dead             Necr           27%        N/A       10%         4
 Curse of Agony           Necr           27%        N/A       26%         5
 Frozen Ramparts          Ice            6%         1d1       41%         3
 Leda's Liquefaction      Alch/Erth      1%         N/A       82%         4
 Petrify                  Alch/Erth      3%         N/A       82%         4
 Metabolic Englaciation   Hex/Ice        1%         N/A       99%         5


Dungeon Overview and Level Annotations

Branches:
Dungeon (5/15)
 Temple: D:4-7

Altars:
Vehumet


Innate Abilities, Weirdness & Mutations

You are mostly covered in yellow scales. (AC +3)
Your demonic aura often causes spilled blood to erupt in flames.
Your touch may inflict minor irresistible damage on your foes.


Message History

Aim: a two-headed ogre, wielding a +0 giant club and a +0 giant spiked club (moderately wounded, chance to affect: 70%)
The two-headed ogre writhes in agony.
The two-headed ogre hits you with a +0 giant club!
The two-headed ogre barely misses you.
Unknown command.
A two-headed ogre is nearby!
Casting: Necrotise (safe; 1% risk of failure)
Confirm with . or Enter, or press ? or * to list all spells.
Okay, then.
Casting: Necrotise (safe; 1% risk of failure)
Confirm with . or Enter, or press ? or * to list all spells.
Aiming: Necrotise (safe; 1% risk of failure)
Press: ? - help, Shift-Dir - straight line, f/p - two-headed ogre
Aim: a two-headed ogre, wielding a +0 giant club and a +0 giant spiked club (moderately wounded, chance to affect: 70%)
The two-headed ogre writhes in agony!
Casting: Necrotise (safe; 1% risk of failure)
Confirm with . or Enter, or press ? or * to list all spells.
Aiming: Necrotise (safe; 1% risk of failure)
Press: ? - help, Shift-Dir - straight line, f/p - two-headed ogre
Aim: a two-headed ogre, wielding a +0 giant club and a +0 giant spiked club (heavily wounded, chance to affect: 70%)
The two-headed ogre writhes in agony.
The two-headed ogre closely misses you.
The two-headed ogre hits you with a +0 giant spiked club!
Unknown command.
The two-headed ogre attacks as it pursues you!
The two-headed ogre hits you with a +0 giant club!
* * * LOW HITPOINT WARNING * * *
The two-headed ogre hits you with a +0 giant spiked club.
* * * LOW HITPOINT WARNING * * *
Casting: Necrotise (safe; 1% risk of failure)
Confirm with . or Enter, or press ? or * to list all spells.
Aiming: Necrotise (safe; 1% risk of failure)
Press: ? - help, Shift-Dir - straight line, f/p - two-headed ogre
Aim: a two-headed ogre, wielding a +0 giant club and a +0 giant spiked club (heavily wounded, chance to affect: 70%)
The two-headed ogre struggles to resist.
The two-headed ogre hits you but does no damage.
The two-headed ogre hits you with a +0 giant spiked club.
* * * LOW HITPOINT WARNING * * *
The two-headed ogre hits you with a +0 giant club!!
Ouch! That really hurt!
You die...

#........##
####.##.##
###.##.#
#......#
#.###..# #.#
#..# #.###..#
#######.O....#
.........@...#
#########.####
#.# #.# #.#
..# ###


You could see a two-headed ogre.

Vanquished Creatures
  A scorpion (D:4)
  A howler monkey (D:4)
  A bombardier beetle (D:4)
  7 adders
  2 dart slugs
  5 ribbon worms
  5 orcs
  10 bats
  3 endoplasms
  4 giant cockroaches
  9 goblins
  5 hobgoblins
  7 kobolds
  2 quokkas
  7 ball pythons
  2 frilled lizards
  5 rats
76 creatures vanquished.

Vanquished Creatures (collateral kills)
  An endoplasm (D:1)
  2 goblins
  A hobgoblin (D:3)
  A ball python (D:2)
  A bat (D:1)
  A frilled lizard (D:1)
  2 rats
9 creatures vanquished.

Vanquished Creatures (others)
  An endoplasm (D:4)
1 creature vanquished.

Grand Total: 86 creatures vanquished

Notes
Turn   | Place    | Note
-------+----------+-------------------------------------------
     0 | D:1      | Asfel the Demonspawn Necromancer began the quest for the
                  | Orb.
     0 | D:1      | Reached XP level 1. HP: 13/13 MP: 3/3
    86 | D:1      | Gained mutation: Your demonic aura sometimes causes spilled
                  | blood to erupt in flames. [demonic ancestry]
    86 | D:1      | Reached XP level 2. HP: 19/19 MP: 1/5
   460 | D:1      | Reached skill level 5 in Necromancy
   787 | D:2      | Gained mutation: Your demonic aura often causes spilled
                  | blood to erupt in flames. [demonic ancestry]
   787 | D:2      | Reached XP level 3. HP: 24/24 MP: 4/6
  1273 | D:2      | Found a faded altar of an unknown god.
  1355 | D:2      | Gained mutation: You are partially covered in yellow
                  | scales. (AC +2) [demonic ancestry]
  1355 | D:2      | Reached XP level 4. HP: 25/30 MP: 4/8
  2742 | D:3      | Gained mutation: You are mostly covered in yellow scales.
                  | (AC +3) [demonic ancestry]
  2742 | D:3      | Reached XP level 5. HP: 35/35 MP: 7/9
  3526 | D:4      | Reached skill level 6 in Necromancy
  3731 | D:4      | Gained mutation: Your touch may inflict minor irresistible
                  | damage on your foes. [demonic ancestry]
  3731 | D:4      | Reached XP level 6. HP: 33/41 MP: 3/12
  4083 | D:4      | Found a radiant altar of Vehumet.
  4107 | D:4      | Became a worshipper of Vehumet
  4258 | D:5      | Entered Level 5 of the Dungeon
  4316 | D:5      | Noticed a two-headed ogre
  4331 | D:5      | HP: 2/41 [two-headed ogre/+0 giant club (6)]
  4337 | D:5      | Demolished by a two-headed ogre

Illustrated notes

Levels and vault maps discovered:
D:1:      matt_arrival_los_fun, layout_rooms
D:2:      layout_basic, nicolae_ecumenical_pavilion
D:3:      layout_basic, roderic_batcave
D:4:      layout_basic, fiery_altar_vehumet, serial_glass, glass_columns_a,
          glass_columns_a, feat_on_display
D:5:      layout_loops_ring, pdpol_wu_jian_five_deadly_venoms,
          lemuel_round_altar, nicolae_tso_swordbearing_angel

Skill      XL: |  1  2  3  4  5 |
---------------+----------------+-----
Necromancy     | 5 6 |  6.7
Dodging        | 2 |  2.3
Spellcasting   | 3 4 |  4.0
Stealth        | 2 |  2.0
Unarmed Combat | |  0.7

Action                     |  1- 3 |  4- 6 || total
---------------------------+-------+-------++-------
  Melee: Unarmed           |     7 |     5 ||    12
   Cast: Necrotise         |    60 |   139 ||   199
    Use: Scroll            |     3 |       ||     3
 Armour: Robe              |    44 |    60 ||   104
  Dodge: Dodged            |    33 |    51 ||    84
  Block: Other             |       |     4 ||     4

Table legend: (Time is in decaauts)
 A = Elapsed time spent in this place.
 B = Non-inter-level travel time spent in this place.
 C = Inter-level travel time spent in this place.
 D = Time resting spent in this place.
 E = Time spent auto-exploring this place.
 F = Levels seen in this place.
 G = Mean time per level.
                   A        B        C        D        E       F      G
               +--------+--------+--------+--------+--------+-----+--------+
         Total |   4338 |   4276 |     62 |      0 |   3087 |   5 |  867.6 |
       Dungeon |   4338 |   4276 |     62 |      0 |   3087 |   5 |  867.6 |
               +--------+--------+--------+--------+--------+-----+--------+

Top non-repeatable levels by time:
     D:2: 1420 daAuts
     D:3: 1357 daAuts
     D:4: 747 daAuts
     D:1: 735 daAuts
     D:5: 78 daAuts
